 Dungeon Crawl Stone Soup version 0.23-a0-899-gbbae0a3 (webtiles) character file.

Game seed: 12481972602359015965

10 Wolfram the Grave Robber (level 2, 20/20 HPs)
             Began as a Gnoll Necromancer on Jan 29, 2019.
             Quit the game on level 1 of the Dungeon.
             The game lasted 00:01:40 (644 turns).

Wolfram the Grave Robber (Gnoll Necromancer)         Turns: 644, Time: 00:01:41

Health: 20/20      AC:  2    Str: 10    XL:     2   Next: 20%
Magic:  7/7        EV: 14    Int: 17    God:
Gold:   13         SH:  0    Dex: 15    Spells: 9/10 levels left

rFire    . . .     SeeInvis .   (no weapon)
rCold    . . .     Gourm    .   (no shield)
rNeg     . . .     Faith    .   a - +0 robe
rPois    .         Spirit   .   (no helmet)
rElec    .         Reflect  .   (no cloak)
rCorr    .         Harm     .   (no gloves)
MR       .....                  (no boots)
Stlth    +++.......             (no amulet)
HPRegen  0.06/turn              (no ring)
MPRegen  0.10/turn              (no ring)

@: no status effects
A: distributed training, fangs 1, strong nose
a: no special abilities


You were on level 1 of the Dungeon.
You were not hungry.

You visited 1 branch of the dungeon, and saw 1 of its levels.

You collected 13 gold pieces.


Innate Abilities, Weirdness & Mutations

Your experience applies equally to all skills.
You have very sharp teeth.
Your uncanny sense of smell can sniff out nearby items.


   Skills:
 + Level 0.3 Fighting
 + Level 0.3 Short Blades
 + Level 0.3 Long Blades
 + Level 0.3 Axes
 + Level 0.3 Maces & Flails
 + Level 0.3 Polearms
 + Level 0.3 Staves
 + Level 0.3 Slings
 + Level 0.3 Bows
 + Level 0.3 Crossbows
 + Level 0.3 Throwing
 + Level 0.3 Armour
 + Level 4.4 Dodging
 + Level 4.0 Stealth
 + Level 0.3 Shields
 + Level 0.3 Unarmed Combat
 + Level 4.9 Spellcasting
 + Level 0.2 Conjurations
 + Level 0.2 Hexes
 + Level 0.2 Charms
 + Level 0.2 Summonings
 + Level 7.0 Necromancy
 + Level 0.2 Translocations
 + Level 0.2 Transmutations
 + Level 0.2 Fire Magic
 + Level 0.2 Ice Magic
 + Level 0.2 Air Magic
 + Level 0.2 Earth Magic
 + Level 0.2 Poison Magic
 + Level 0.4 Invocations
 + Level 0.3 Evocations


You had 9 spell levels left.
You knew the following spells:

 Your Spells              Type           Power        Failure   Level  Hunger
a - Pain                  Necr           ####         1%          1    None

Your spell library contained the following spells:

 Spells                   Type           Power        Failure   Level  Hunger
 Animate Skeleton         Necr           N/A          1%          1    None
 Vampiric Draining        Necr           ####......   2%          3    ###....
 Animate Dead             Necr           N/A          8%          4    ####...
 Regeneration             Chrm/Necr      ###.......   10%         3    ###....

Inventory:

Hand Weapons
 e - a +0 hunting sling
Missiles
 b - 26 stones (quivered)
Armour
 a - a +0 robe (worn)
Scrolls
 g - a scroll of fear {unknown}
Potions
 d - a potion of curing {unknown}
Comestibles
 c - 2 rations


Message History

Aim: a bat (chance to defeat MR: 93%)
The bat writhes in agony!
You kill the bat!
Casting: Pain (safe; 1% risk of failure)
Confirm with . or Enter, or press ? or * to list all spells.
You can't see any susceptible monsters within range! (Use Z to cast anyway.)
Casting: Pain (safe; 1% risk of failure)
Confirm with . or Enter, or press ? or * to list all spells.
You can't see any susceptible monsters within range! (Use Z to cast anyway.)
Casting: Pain (safe; 1% risk of failure)
Confirm with . or Enter, or press ? or * to list all spells.
You can't see any susceptible monsters within range! (Use Z to cast anyway.)
You start resting.
HP restored.
You start waiting.
Done waiting.
You now have 13 gold pieces (gained 10).
A kobold comes into view.
You see here a bat corpse.
Are you sure you want to abandon this character and quit the game? (Confirm with "yes".)

▒▒▒▒▒▒▒▒▒▒▒▒▒▒▒▒▒▒▒
▒··················
▒·▒▒·····▒▒▒▒▒▒▒▒▒▒
▒·▒······▒ ▒···
▒·▒▒···))▒ ▒·▒▒
▒@▒▒·····▒ ▒ ▒·
▒·▒▒·····▒ ▒·
··▒▒······· ▒·
····▒▒◼▒▒▒▒▒ {▒·
····· ▒· ·K····▒ ▒·
········ ▒·
▒▒▒▒▒▒▒▒▒ ▒· ▒·


You could see a kobold (sleeping).

Vanquished Creatures
  A dart slug (D:1)
  2 bats (D:1)
  A goblin (D:1)
  2 hobgoblins (D:1)
  A kobold (D:1)
7 creatures vanquished.

Notes
Turn   | Place    | Note
-------+----------+-------------------------------------------
     0 | D:1      | Wolfram the Gnoll Necromancer began the quest for the Orb.
     0 | D:1      | Reached XP level 1. HP: 13/13 MP: 6/6
   255 | D:1      | Reached XP level 2. HP: 9/19 MP: 5/7
   644 | D:1      | Quit the game

Vault maps used:
D:1:      matt_arrival_refuge, st_stairs_6

Action                   || total
-------------------------++-------
Melee: Unarmed           ||     5
       Bite              ||     1
 Cast: Pain              ||    10
Armor: Robe              ||     1
Dodge: Dodged            ||     4
